[Event "Early-Titled-Tuesday-Blitz-February-13-2024"]
[Site "Chess.com"]
[Date "2024.02.13"]
[Round "6"]
[White "Kildepiotr"]
[Black "faraone99"]
[Result "1-0"]
[WhiteElo "2696"]
[BlackElo "2531"]
[TimeControl "180+1"]
[EndTime "9:05:41 PST"]
[Termination "Kildepiotr won by resignation"]

1. Nf3 d5 2. g3 Nf6 3. Bg2 g6 4. O-O Bg7 5. d3 O-O 6. Nbd2 c5 7. e4 Nc6 8. c3 dxe4 9. dxe4 b6 10. Qe2 Qc7 11.
Re1 Nd7 12. Nf1 a5 13. Bf4 Nde5 14. Nxe5 Bxe5 15. Bh6 Rd8 16. f4 Ba6 17. Qf2 Bh8 18.
e5 e6 19. Red1 Rac8 20. Ne3 Ne7 21. g4 Bb7 22. Qh4 Bxg2 23. Kxg2 Qb7+ 24. Kf2 Nd5 25. c4 Nxe3 26. Rxd8+ 1-0

[Event "Early-Titled-Tuesday-Blitz-February-13-2024"]
[Site "Chess.com"]
[Date "2024.02.13"]
[Round "6"]
[White "InadaC"]
[Black "KorolDimitriy75"]
[Result "0-1"]
[WhiteElo "2179"]
[BlackElo "2403"]
[TimeControl "180+1"]
[EndTime "9:05:41 PST"]
[Termination "KorolDimitriy75 won by checkmate"]

1. d4 Nf6 2. c4 c5 3. d5 b5 4.
cxb5 a6 5. b6 d6 6. Nc3 Nbd7 7.
e4 g6 8. Nf3 Bg7 9. Nd2 O-O 10.
Nc4 Nxb6 11. Nxb6 Qxb6 12. Bd3 e6 13. dxe6 Bxe6 14. O-O d5 15. exd5 Nxd5 16. Nxd5 Bxd5 17. Bxg6 Rad8 18. Bg5 Qxg6 19. Bxd8 Qxg2# 0-1

[Event "Early-Titled-Tuesday-Blitz-February-13-2024"]
[Site "Chess.com"]
[Date "2024.02.13"]
[Round "6"]
[White "DucksParadise"]
[Black "NowInChess"]
[Result "0-1"]
[WhiteElo "2495"]
[BlackElo "2329"]
[TimeControl "180+1"]
[EndTime "9:05:50 PST"]
[Termination "NowInChess won by resignation"]

1. e4 e6 2. d4 d5 3. Nd2 Nc6 4.
Ngf3 Nf6 5. e5 Nd7 6. c3 f6 7.
exf6 Qxf6 8. Bb5 Bd6 9. O-O O-O 10. Qe2 e5 11. Bxc6 bxc6 12. dxe5 Nxe5 13. Nxe5 Bxe5 14. Nf3 Bd6 15. Bg5 Qg6 16. Qe3 Rxf3 17. gxf3 h6 18. f4 hxg5 19. fxg5 Bf5 20. f4 Re8 21. Qxa7 Bxf4 0-1

[Event "Early-Titled-Tuesday-Blitz-February-13-2024"]
[Site "Chess.com"]
[Date "2024.02.13"]
[Round "6"]
[White "Mikasinski"]
[Black "AsaHoffmann"]
[Result "1-0"]
[WhiteElo "2648"]
[BlackElo "2428"]
[TimeControl "180+1"]
[EndTime "9:06:14 PST"]
[Termination "Mikasinski won by resignation"]

1. e4 d6 2. d4 Nf6 3. Nc3 c6 4.
f4 Qa5 5. e5 Ne4 6. Bd3 Bf5 7.
Ne2 d5 8. O-O e6 9. Bxe4 Bxe4 10. Nxe4 dxe4 11. Ng3 Nd7 12. Nxe4 Be7 13. f5 exf5 14.
Rxf5 O-O 15. c3 Rad8 16. Qg4 Kh8 17. e6 c5 18. exd7 Rxd7 19. Bg5 f6 20. Rxf6 gxf6 21. Qxd7 fxg5 22. Qxe7 1-0

[Event "Early-Titled-Tuesday-Blitz-February-13-2024"]
[Site "Chess.com"]
[Date "2024.02.13"]
[Round "6"]
[White "MokshAD1603"]
[Black "stollenmonster"]
[Result "0-1"]
[WhiteElo "2602"]
[BlackElo "2898"]
[TimeControl "180+1"]
[EndTime "9:06:18 PST"]
[Termination "stollenmonster won by resignation"]

1. d4 Nf6 2. c4 e6 3. Nf3 d5 4. g3 Be7 5. Bg2 O-O 6. O-O Ne4 7.
Nc3 f5 8. Ne5 c6 9. Qc2 Nd7 10.
Bf4 g5 11. Nxd7 Bxd7 12. Be5 Bf6 13. f3 Bxe5 14. dxe5 Qb6+ 15. e3 Qxe3+ 16. Kh1 Nxc3 17. bxc3 Qxe5 18. f4 gxf4 19. Rxf4 Rae8 20. Qf2 Qxc3 21. Rb1 b6 22. Rb3 Qa1+ 23. Bf1 e5 24. Rff3 e4 25.
Rfe3 Qe5 0-1

[Event "Early-Titled-Tuesday-Blitz-February-13-2024"]
[Site "Chess.com"]
[Date "2024.02.13"]
[Round "6"]
[White "SmirnovTimofey2000"]
[Black "ajeale2"]
[Result "0-1"]
[WhiteElo "1988"]
[BlackElo "2473"]
[TimeControl "180+1"]
[EndTime "9:06:31 PST"]
[Termination "ajeale2 won by resignation"]

1. e4 e6 2. d4 d5 3. Nc3 Nf6 4.
e5 Nfd7 5. Nf3 c5 6. Bg5 Qa5 7. Bd2 Qb6 8. a3 cxd4 9. Nb5 Nc6 10. a4 a6 11. Nbxd4 Nxd4 12. a5 Qxb2 13. Rb1 Nxc2+ 14. Ke2 Nd4+ 15. Ke1 Nxf3+ 16. gxf3 0-1

[Event "Early-Titled-Tuesday-Blitz-February-13-2024"]
[Site "Chess.com"]
[Date "2024.02.13"]
[Round "6"]
[White "nekotyanof"]
[Black "Lion_DL"]
[Result "0-1"]
[WhiteElo "2634"]
[BlackElo "2486"]
[TimeControl "180+1"]
[EndTime "9:06:38 PST"]
[Termination "Lion_DL won by resignation"]

1. e4 c5 2. Nf3 e6 3. Nc3 a6 4.
d4 cxd4 5. Nxd4 Qc7 6. g3 Bb4 7. Bd2 Nf6 8. Bg2 Nc6 9. Nxc6 dxc6 10. O-O O-O 11. Bf4 e5 12. Bg5 Be7 13. a4 Be6 14. Qe2 b5 15. axb5 axb5 16. f4 Bc4 17. Qe1 Rxa1 18. Qxa1 Bxf1 19. Qxf1 Bc5+ 20. Kh1 Ng4 21. Nd1 f6 22. Bh4 Rd8 23. h3 Rxd1 24. Qxd1 0-1

[Event "Early-Titled-Tuesday-Blitz-February-13-2024"]
[Site "Chess.com"]
[Date "2024.02.13"]
[Round "6"]
[White "artooon"]
[Black "Arystanner"]
[Result "1-0"]
[WhiteElo "3030"]
[BlackElo "2814"]
[TimeControl "180+1"]
[EndTime "9:06:39 PST"]
[Termination "artooon won by resignation"]

1. e4 e5 2. Nf3 Nc6 3. Bc4 Nf6 4. Ng5 d5 5. exd5 Nd4 6. c3 b5 7. Bf1 Nf5 8. Bxb5+ Bd7 9. Qa4 Bd6 10. Bxd7+ Nxd7 11. Ne6 Qe7 12. g4 Nh4 13. Nxg7+ Kf8 14. Nf5 Nxf5 15. gxf5 e4 16. d3 Nc5 17. Bh6+ Kg8 18. Rg1+ 1-0

[Event "Early-Titled-Tuesday-Blitz-February-13-2024"]
[Site "Chess.com"]
[Date "2024.02.13"]
[Round "6"]
[White "HamedWafa4"]
[Black "Bilan_Danila"]
[Result "1-0"]
[WhiteElo "2749"]
[BlackElo "2559"]
[TimeControl "180+1"]
[EndTime "9:06:46 PST"]
[Termination "HamedWafa4 won by resignation"]

1. e4 c6 2. d4 d5 3. e5 c5 4. Nf3 Nc6 5. c4 cxd4 6. Nxd4 e6 7. Nc3 Nge7 8. Ndb5 Nxe5 9. cxd5 Nxd5 10. Nxd5 exd5 11. Bf4 Bb4+ 12. Nc3 Ng6 13. Qa4+ Bd7 14. Qxb4 a5 15. Qd4 O-O 16. Be2 Re8 17. Be3 Nh4 18. O-O Nf5 19.
Qxd5 Qf6 20. Qxd7 1-0

[Event "Early-Titled-Tuesday-Blitz-February-13-2024"]
[Site "Chess.com"]
[Date "2024.02.13"]
[Round "6"]
[White "Preobrazhenska_D2011"]
[Black "Kunalm64"]
[Result "1-0"]
[WhiteElo "2358"]
[BlackElo "2510"]
[TimeControl "180+1"]
[EndTime "9:06:50 PST"]
[Termination "Preobrazhenska_D2011 won by resignation"]

1. e4 c6 2. d4 d5 3. e5 Bf5 4.
h4 h5 5. Bd3 Bxd3 6. Qxd3 Qa5+ 7. Nd2 e6 8. Nf3 Ne7 9. a4 Nf5 10. O-O Be7 11. Nb3 Qa6 12. Qd1 Nxh4 13. Nxh4 Bxh4 14. Nc5 Qb6 15. Ra3 Qc7 16. Rh3 Be7 17.
Rxh5 Rxh5 18. Qxh5 Nd7 19. Nxe6 Qa5 20. Nxg7+ Kd8 21. Qxf7 1-0

[Event "Early-Titled-Tuesday-Blitz-February-13-2024"]
[Site "Chess.com"]
[Date "2024.02.13"]
[Round "6"]
[White "Rurep26"]
[Black "platy3"]
[Result "0-1"]
[WhiteElo "2743"]
[BlackElo "2936"]
[TimeControl "180+1"]
[EndTime "9:06:56 PST"]
[Termination "platy3 won by resignation"]

1. d4 Nf6 2. Bf4 d5 3. e3 c5 4. Nc3 cxd4 5. exd4 a6 6. Nf3 Nc6 7. Ne5 Bd7 8. Nxc6 Bxc6 9. Bd3 Qb6 10. Ne2 Qxb2 11. O-O e6 12. c4 dxc4 13. Bxc4 Be7 14. Be5 Qb4 15. Bd3 O-O 16. Rb1 Qa5 17. Qc2 Rac8 18.
Bxf6 Bxf6 19. Bxh7+ Kh8 20. Be4 Bb5 21. Qb3 Bxe2 22.
Qh3+ Qh5 0-1

[Event "Early-Titled-Tuesday-Blitz-February-13-2024"]
[Site "Chess.com"]
[Date "2024.02.13"]
[Round "6"]
[White "Philosopherrr"]
[Black "aghasiyevkamal"]
[Result "0-1"]
[WhiteElo "2414"]
[BlackElo "2631"]
[TimeControl "180+1"]
[EndTime "9:07:06 PST"]
[Termination "aghasiyevkamal won by resignation"]

1. e4 e5 2. Nf3 Nc6 3. Bb5 a6 4.
Ba4 Nf6 5. O-O b5 6. Bb3 Bc5 7. d3 d6 8. a4 Rb8 9. axb5 axb5 10. h3 h6 11. c3 O-O 12. Re1 b4 13. Nbd2 bxc3 14.
bxc3 Be6 15. Bxe6 fxe6 16. Nc4 Qe8 17. d4 exd4 18. cxd4 Bb4 19. Bd2 Bxd2 20. Qxd2 Qg6 21. e5 Ne4 22. Qe3 d5 23. Na5 Rxf3 24. Qxf3 Nxd4 25. Qg4 Qxg4 26. hxg4 Nc2 27. Nc6 Re8 28. f3 Nxe1 29. fxe4 Nd3 30. exd5 exd5 31. Rd1 Nxe5 32. Nb4 c6 0-1

[Event "Early-Titled-Tuesday-Blitz-February-13-2024"]
[Site "Chess.com"]
[Date "2024.02.13"]
[Round "6"]
[White "shrek4life02"]
[Black "colegiodemadrid"]
[Result "0-1"]
[WhiteElo "2682"]
[BlackElo "2547"]
[TimeControl "180+1"]
[EndTime "9:07:16 PST"]
[Termination "colegiodemadrid won by checkmate"]

1. e4 c6 2. d4 d5 3. e5 c5 4. dxc5 e6 5. a3 Bxc5 6. b4 Bf8 7. Nf3 Nd7 8. Bd3 a5 9. b5 Ne7 10. a4 Ng6 11. Qe2 Qc7 12. Bxg6 fxg6 13. O-O Be7 14. Nd4 Qxe5 15. Qd1 Bf6 16. c3 Nc5 17. Re1 Qc7 18. Ba3 O-O 19. Nd2 e5 20. N4b3 b6 21.
Nxc5 bxc5 22. c4 e4 23. Rc1 Bd4 24. Rf1 Qf4 25. Qe2 Bg4 26. Qe1 e3 27. fxe3 Qxe3+ 28. Kh1 Rxf1+ 29. Nxf1 Qg1# 0-1

[Event "Early-Titled-Tuesday-Blitz-February-13-2024"]
[Site "Chess.com"]
[Date "2024.02.13"]
[Round "6"]
[White "Payyappat"]
[Black "BlueWizzard"]
[Result "0-1"]
[WhiteElo "2578"]
[BlackElo "2877"]
[TimeControl "180+1"]
[EndTime "9:07:24 PST"]
[Termination "BlueWizzard won by resignation"]

1. e4 Nc6 2. d4 e5 3. d5 Nce7 4. c4 Ng6 5. Nc3 Nf6 6. Nge2 Bc5 7. Ng3 d6 8. Be2 Nf4 9. Bf3 h5 10. Bxf4 exf4 11. Nxh5 Nxh5 12. Bxh5 Qh4 13. Bxf7+ Kxf7 14. Qf3 g5 15. g3 Bg4 16. Qd3 Qh3 17. f3 fxg3 18. O-O-O g2 19. Rhe1 Qxf3 20. Rf1 gxf1=Q 21. Rxf1 Bf2 22. Qd2 Rxh2 23. Nd1 Qf4 0-1

[Event "Early-Titled-Tuesday-Blitz-February-13-2024"]
[Site "Chess.com"]
[Date "2024.02.13"]
[Round "6"]
[White "Szparu"]
[Black "toog"]
[Result "1-0"]
[WhiteElo "2797"]
[BlackElo "2567"]
[TimeControl "180+1"]
[EndTime "9:07:31 PST"]
[Termination "Szparu won by checkmate"]

1. e4 c5 2. Nf3 d6 3. d4 cxd4 4. Qxd4 Nc6 5. Bb5 Bd7 6. Qd3 g6 7. O-O Bg7 8. h3 Nf6 9. c4 a6 10. Bxc6 Bxc6 11. Nc3 O-O 12. Nd4 Nd7 13. Be3 Rc8 14.
Rac1 Nc5 15. Qb1 Ne6 16. Rfd1 Nxd4 17. Bxd4 Bxd4 18. Rxd4 Qb6 19. Rcd1 Qa7 20. Qc1 b5 21. Qh6 bxc4 22. e5 f6 23. e6 g5 24. h4 Qc5 25.
Nd5 Bxd5 26. Rxd5 Qb4 27. hxg5 Qxb2 28. g6 f5 29. Qxh7# 1-0

[Event "Early-Titled-Tuesday-Blitz-February-13-2024"]
[Site "Chess.com"]
[Date "2024.02.13"]
[Round "6"]
[White "ChristopherYoo"]
[Black "Korchmar_Vasiliy"]
[Result "1-0"]
[WhiteElo "2973"]
[BlackElo "2729"]
[TimeControl "180+1"]
[EndTime "9:07:32 PST"]
[Termination "ChristopherYoo won by resignation"]

1. d4 d5 2. Nf3 Nf6 3. c4 c6 4.
g3 g6 5. Bg2 Bg7 6. O-O O-O 7.
cxd5 cxd5 8. Ne5 Ng4 9. Nc3 Nxe5 10. dxe5 d4 11. Nd5 Nc6 12. Bg5 h6 13. Bd2 Nxe5 14.
Rc1 Nc6 15. b4 e6 16. Nf4 e5 17. b5 Na5 18. Nd5 Rb8 19. Bb4 Be6 20. Nc7 b6 21. Nxe6 fxe6 22. Bxf8 Qxf8 23. Rc7 Rd8 24. Rxa7 Nc4 25.
Qd3 1-0

[Event "Early-Titled-Tuesday-Blitz-February-13-2024"]
[Site "Chess.com"]
[Date "2024.02.13"]
[Round "6"]
[White "Fjal"]
[Black "NanMKKhineHlyan"]
[Result "1-0"]
[WhiteElo "2268"]
[BlackElo "1821"]
[TimeControl "180+1"]
[EndTime "9:07:32 PST"]
[Termination "Fjal won by resignation"]

1. Nf3 d5 2. g3 Nf6 3. Bg2 c6 4. O-O Nbd7 5. c4 e5 6. cxd5 e4 7. Nd4 cxd5 8. d3 Bc5 9. dxe4 dxe4 10. Nc3 Ne5 11. Nb3 Qxd1 12. Rxd1 Bb6 13. Nxe4 Nxe4 14. Bxe4 O-O 15. Bf4 Ng4 16. e3 h6 17. Kg2 f5 18.
Bf3 Nf6 19. Rac1 g5 20. Bd6 Rf7 21. Be5 g4 22. Be2 Be6 23. Rd6 Bxb3 24. axb3 Ne4 25. Rxh6 Rh7 26. Bc4+ Kf8 27. Rxh7 1-0

[Event "Early-Titled-Tuesday-Blitz-February-13-2024"]
[Site "Chess.com"]
[Date "2024.02.13"]
[Round "6"]
[White "treadstone_71"]
[Black "SouS007"]
[Result "1-0"]
[WhiteElo "2309"]
[BlackElo "2491"]
[TimeControl "180+1"]
[EndTime "9:07:33 PST"]
[Termination "treadstone_71 won by resignation"]

1. e4 e6 2. d4 d5 3. Nc3 dxe4 4. Nxe4 Bd7 5. Nf3 Bc6 6. Bd3 Nd7 7. O-O Ngf6 8. Ng3 Be7 9. b3 O-O 10. Bb2 Nd5 11.
c4 Nf4 12. Bb1 Bf6 13. Ne4 b6 14. Qc2 g6 15. Nxf6+ Qxf6 16. d5 e5 17. dxc6 Qxc6 18. Qe4 Qe6 19. Nxe5 Rae8 20. Qxf4 Nxe5 21. Bxe5 Qxe5 22.
Qxe5 Rxe5 23. Bd3 Rd8 24. Rad1 Re6 25. f3 Red6 26. Bc2 Kg7 27. Kf2 Kf6 28. Rxd6+ Rxd6 29. Rd1 Re6 30. Rd7 Rc6 31. Be4 Rc5 32. Bd5 c6 33. b4 1-0

[Event "Early-Titled-Tuesday-Blitz-February-13-2024"]
[Site "Chess.com"]
[Date "2024.02.13"]
[Round "6"]
[White "Matibar"]
[Black "SHIVACalypso"]
[Result "1-0"]
[WhiteElo "2759"]
[BlackElo "2515"]
[TimeControl "180+1"]
[EndTime "9:07:42 PST"]
[Termination "Matibar won by resignation"]

1. Nf3 Nf6 2. c4 e6 3. g3 d5 4.
Bg2 Be7 5. O-O O-O 6. b3 b6 7. Bb2 Bb7 8. e3 Nbd7 9. Nc3 c5 10. cxd5 Nxd5 11. Nxd5 Bxd5 12. Qe2 Bf6 13. d4 Rc8 14. Rfd1 Qc7 15. e4 Bb7 16. Rac1 Qb8 17. h4 cxd4 18. Bxd4 Bxd4 19. Nxd4 Nc5 20. b4 Na4 21. Qe3 Rfd8 22. h5 Qe5 23. Rxc8 Rxc8 24. h6 Nc3 25. Rd2 Nxe4 26. Re2 Rc1+ 27. Qxc1 Qxd4 28. Rxe4 1-0

[Event "Early-Titled-Tuesday-Blitz-February-13-2024"]
[Site "Chess.com"]
[Date "2024.02.13"]
[Round "6"]
[White "onnoelgersma"]
[Black "atomicmate123"]
[Result "1-0"]
[WhiteElo "2541"]
[BlackElo "2348"]
[TimeControl "180+1"]
[EndTime "9:07:44 PST"]
[Termination "onnoelgersma won by resignation"]

1. c3 d5 2. Nf3 c5 3. d4 Nc6 4.
dxc5 e5 5. b4 a6 6. e3 Bg4 7.
Be2 Nf6 8. Bb2 Be7 9. Nbd2 O-O 10. a3 e4 11. Nd4 Bxe2 12. Qxe2 Ne5 13. O-O Nd3 14.
Rab1 a5 15. Nf5 Qd7 16. Nxe7+ Qxe7 17. Nb3 Qe5 18. Nd4 Qg5 19. f4 Qg4 20. Qd2 Nd7 21. h3 Qg3 22. Nf5 Qf3 23. gxf3 1-0

[Event "Early-Titled-Tuesday-Blitz-February-13-2024"]
[Site "Chess.com"]
[Date "2024.02.13"]
[Round "6"]
[White "barbara25"]
[Black "MaxLeto"]
[Result "0-1"]
[WhiteElo "2294"]
[BlackElo "2514"]
[TimeControl "180+1"]
[EndTime "9:07:44 PST"]
[Termination "MaxLeto won by resignation"]

1. e4 c5 2. Nf3 d6 3. d4 cxd4 4.
Nxd4 Nf6 5. Nc3 a6 6. Be3 Ng4 7. Bc1 Nf6 8. h3 Qc7 9. Be3 b5 10. f3 Bb7 11. Qd2 Nbd7 12. O-O-O e6 13. g4 h6 14. Kb1 b4 15. Nce2 d5 16. exd5 Nxd5 17. Bg2 N7b6 18. b3 Nxe3 19. Qxe3 Nd5 20. Qd2 Bd6 21.
h4 g6 22. h5 g5 23. Rde1 O-O 24. Nc1 Bf4 25. Qd3 Rfd8 26. Rd1 Nc3+ 27. Ka1 Nxd1 28. Rxd1 Rxd4 29. Qxd4 Be5 0-1

[Event "Early-Titled-Tuesday-Blitz-February-13-2024"]
[Site "Chess.com"]
[Date "2024.02.13"]
[Round "6"]
[White "rhungaski"]
[Black "JonaszBaum"]
[Result "0-1"]
[WhiteElo "2492"]
[BlackElo "2659"]
[TimeControl "180+1"]
[EndTime "9:07:49 PST"]
[Termination "JonaszBaum won by checkmate"]

1. e4 c5 2. Nf3 Nc6 3. d4 cxd4 4. Nxd4 e5 5. Nf5 d5 6. Qxd5 Qxd5 7. exd5 Bxf5 8. dxc6 bxc6 9. Bd3 Bxd3 10. cxd3 Nf6 11. Ke2 Bd6 12. Be3 Rb8 13. b3 Nd5 14. Rc1 Kd7 15. Nd2 a6 16. Rc4 f5 17. Rac1 Ba3 18. R1c2 Nb4 19. R2c3 Nxa2 20. Rc2 Nb4 21. R2c3 Bb2 22.
Rxb4 Bxc3 23. Ra4 Bxd2 24. Kxd2 Rxb3 25. Rxa6 Rhb8 26. g3 Rb2+ 27. Kc3 R8b3+ 28. Kc4 Rb5 29. Ra7+ Rb7 30. Ra8 Rc2# 0-1

[Event "Early-Titled-Tuesday-Blitz-February-13-2024"]
[Site "Chess.com"]
[Date "2024.02.13"]
[Round "6"]
[White "bulletteemo"]
[Black "Andrey_Klymchuk"]
[Result "1-0"]
[WhiteElo "2574"]
[BlackElo "2731"]
[TimeControl "180+1"]
[EndTime "9:07:54 PST"]
[Termination "bulletteemo won by checkmate"]

1. e4 e5 2. Nf3 Nc6 3. Bc4 Bc5 4. c3 Nf6 5. d4 exd4 6. b4 Bb6 7. e5 d5 8. exf6 dxc4 9. Qe2+ Be6 10. b5 d3 11. Qe4 Na5 12. fxg7 Rg8 13. Qxh7 Kd7 14. Bg5 f6 15. Bh6 Qe8 16. O-O Qh5 17. Nbd2 Bf5 18. Ne4 Ke7 19. Ng3 Bxh7 20. Nxh5 c6 21. g4 cxb5 22. g5 fxg5 23. Nxg5 Bg6 24. Rae1+ Kd7 25. Nf6+ Kc7 26. Re7+ Kd6 27. Re6+ Kc5 28. Nd7+ Kd5 29. Rxg6 Nc6 30. Nf6+ Kc5 31. Nge4# 1-0

[Event "Early-Titled-Tuesday-Blitz-February-13-2024"]
[Site "Chess.com"]
[Date "2024.02.13"]
[Round "6"]
[White "OrtizAnahi2001"]
[Black "Balla_Tamas"]
[Result "0-1"]
[WhiteElo "2569"]
[BlackElo "2407"]
[TimeControl "180+1"]
[EndTime "9:07:57 PST"]
[Termination "Balla_Tamas won by resignation"]

1. d4 d5 2. c4 e6 3. Nc3 c5 4. cxd5 exd5 5. Nf3 Nc6 6. g3 Nf6 7. Bg2 cxd4 8. Nxd4 Bc5 9. Nb3 Bb6 10. O-O d4 11.
Na4 O-O 12. Bg5 Re8 13. Rc1 h6 14. Bxf6 Qxf6 15. Nxb6 axb6 16. a3 Bg4 17. Re1 Rad8 18. h3 Bh5 19. Qd2 Qe6 20. Bxc6 bxc6 21. Nxd4 Qf6 22. e3 c5 0-1

[Event "Early-Titled-Tuesday-Blitz-February-13-2024"]
[Site "Chess.com"]
[Date "2024.02.13"]
[Round "6"]
[White "manitodeplomo"]
[Black "dianamirza"]
[Result "1-0"]
[WhiteElo "2647"]
[BlackElo "1970"]
[TimeControl "180+1"]
[EndTime "9:07:58 PST"]
[Termination "manitodeplomo won by resignation"]

1. d4 Nf6 2. c4 c5 3. d5 b5 4. Nf3 bxc4 5. Nc3 g6 6. e4 d6 7. Bxc4 Bg7 8. O-O O-O 9. e5 dxe5 10. Nxe5 Bb7 11. Re1 Nbd7 12. Bg5 h6 13. Bh4 g5 14. Bg3 Nxe5 15. Bxe5 Qd7 16. Qf3 Qg4 17. Qxg4 Nxg4 18. Bxg7 Kxg7 19. Rxe7 Rab8 20. Rd1 Rfe8 21. Rde1 Rxe7 22.
Rxe7 Kf6 23. Rc7 Ne5 24. Rxc5 Nxc4 25. Rxc4 Ba6 26. Rc6+ Ke5 27. Rxa6 Rxb2 28. g3 Rc2 29. Nb5 Kxd5 30. Rxa7 f5 31. Rh7 f4 32. gxf4 gxf4 33. Kg2 Rxa2 34. Nc3+ 1-0

[Event "Early-Titled-Tuesday-Blitz-February-13-2024"]
[Site "Chess.com"]
[Date "2024.02.13"]
[Round "6"]
[White "Gerodot71"]
[Black "AlmasRakhmatullaev"]
[Result "1-0"]
[WhiteElo "2645"]
[BlackElo "2866"]
[TimeControl "180+1"]
[EndTime "9:08:00 PST"]
[Termination "Gerodot71 won by resignation"]

1. d4 d5 2. c4 e5 3. dxe5 d4 4. Nf3 Nc6 5. a3 g6 6. e3 Bg4 7. Be2 dxe3 8. Bxe3 Qxd1+ 9. Bxd1 Bg7 10. Nbd2 Nge7 11. h3 Bxf3 12. Nxf3 Nxe5 13. Nxe5 Bxe5 14. Ba4+ c6 15. O-O-O O-O 16. Rd7 Nf5 17. Bc5 Rfb8 18. Re1 Bf4+ 19. Kb1 b6 20. Bb4 a5 21. Bc3 b5 22. cxb5 cxb5 23. Bb3 Nd6 24. g3 b4 25. axb4 axb4 26. Bf6 1-0

[Event "Early-Titled-Tuesday-Blitz-February-13-2024"]
[Site "Chess.com"]
[Date "2024.02.13"]
[Round "6"]
[White "Road2GM3000"]
[Black "Chesstiger64"]
[Result "1-0"]
[WhiteElo "2477"]
[BlackElo "2319"]
[TimeControl "180+1"]
[EndTime "9:08:01 PST"]
[Termination "Road2GM3000 won by checkmate"]

1. d4 d6 2. c4 e5 3. Nc3 Nc6 4.
Nf3 Bg4 5. d5 Nb8 6. e4 Nd7 7.
h3 Bxf3 8. Qxf3 Ngf6 9. Bd3 g6 10. g4 Bg7 11. h4 Nc5 12. h5 Nxd3+ 13. Qxd3 Nxg4 14.
Qh3 Qd7 15. Bg5 Nf6 16. h6 Qxh3 17. Rxh3 Nh5 18. Rxh5 gxh5 19. hxg7 Rg8 20. Bf6 Kd7 21. Ke2 c6 22. Rh1 b5 23. b3 bxc4 24. bxc4 cxd5 25. cxd5 Rab8 26. Rxh5 Rb2+ 27. Ke3 Rc8 28. Ne2 Rxa2 29.
Kf3 Rcc2 30. g8=Q Rxe2 31. Qd8# 1-0

[Event "Early-Titled-Tuesday-Blitz-February-13-2024"]
[Site "Chess.com"]
[Date "2024.02.13"]
[Round "6"]
[White "SnekkerAndersen"]
[Black "Schachmalanders"]
[Result "0-1"]
[WhiteElo "2631"]
[BlackElo "2468"]
[TimeControl "180+1"]
[EndTime "9:08:02 PST"]
[Termination "Schachmalanders won by resignation"]

1. d4 c5 2. d5 d6 3. Nc3 e5 4. e4 Nf6 5. h3 Be7 6. g4 Nbd7 7. g5 Ng8 8. h4 h6 9. g6 fxg6 10. Qg4 Nf8 11. Qg3 Nf6 12. Be2 Nh5 13. Bxh5 gxh5 14. Qxg7 Rh7 15. Qg3 Bg4 16. f3 Bd7 17. Nge2 Qb6 18. a4 c4 19. a5 Qc5 20. Qf2 Qxf2+ 21. Kxf2 O-O-O 22. Be3 Ng6 23. Bxa7 Bxh4+ 24. Rxh4 Nxh4 25.
b3 Rf8 26. Ng1 Nxf3 27. Nxf3 Rhf7 28. Nd1 Rxf3+ 29. Kg2 Rf1 30. bxc4 Bg4 31. c5 Bxd1 32. Ra2 Be2 33. cxd6 Rg8+ 34. Kh2 Bf3 35. Bg1 Rfxg1 0-1

[Event "Early-Titled-Tuesday-Blitz-February-13-2024"]
[Site "Chess.com"]
[Date "2024.02.13"]
[Round "6"]
[White "Happy1712Drummer"]
[Black "SpongeBob_03"]
[Result "1-0"]
[WhiteElo "2381"]
[BlackElo "2214"]
[TimeControl "180+1"]
[EndTime "9:08:02 PST"]
[Termination "Happy1712Drummer won by resignation"]

1. e4 c5 2. Nf3 a6 3. c3 d5 4.
exd5 Qxd5 5. d4 e6 6. Be3 cxd4 7. cxd4 Bb4+ 8. Nc3 Nc6 9. Bd3 Nf6 10. O-O Qh5 11.
a3 Bd6 12. Re1 b5 13. Ne4 Nxe4 14. Bxe4 Bb7 15. Rc1 Rc8 16. Ne5 Bxe5 17. Qxh5 Bf6 18. d5 Ne5 19. Rxc8+ Bxc8 20. dxe6 Bxe6 21. Bc5 Bg4 22.
Bc6+ Kd8 23. Bb6+ Kc8 24. Qxe5 Bxe5 25. Rxe5 Bd7 26. Bf3 Be6 27. h3 1-0

[Event "Early-Titled-Tuesday-Blitz-February-13-2024"]
[Site "Chess.com"]
[Date "2024.02.13"]
[Round "6"]
[White "Trendle"]
[Black "inagreV"]
[Result "1-0"]
[WhiteElo "2627"]
[BlackElo "2357"]
[TimeControl "180+1"]
[EndTime "9:08:03 PST"]
[Termination "Trendle won by resignation"]

1. f4 d5 2. Nf3 g6 3. g3 Bg7 4.
Bg2 Nf6 5. O-O O-O 6. d3 c5 7.
Nc3 Nc6 8. e4 dxe4 9. dxe4 Qxd1 10. Rxd1 Bg4 11. e5 Ne8 12. Be3 Nc7 13. Bxc5 Ne6 14. Be3 Nb4 15. Rac1 Rfd8 16. Rxd8+ Rxd8 17. a3 Nc6 18. h3 Bxf3 19. Bxf3 Ncd4 20. Kf2 h5 21. h4 b6 22. Bg2 Nf5 23. Rd1 Ned4 24. Be4 e6 25. Nb5 Nxe3 26. Rxd4 Ng4+ 27. Ke2 Rc8 28.
Nxa7 Rc5 29. c4 Bf8 30. b4 Rc7 31. Nb5 Rc8 32. Nd6 Rd8 33. c5 bxc5 34. bxc5 Kg7 35. c6 1-0

[Event "Early-Titled-Tuesday-Blitz-February-13-2024"]
[Site "Chess.com"]
[Date "2024.02.13"]
[Round "6"]
[White "VladimirKramnik"]
[Black "GianmarcoVaR"]
[Result "1-0"]
[WhiteElo "2930"]
[BlackElo "2724"]
[TimeControl "180+1"]
[EndTime "9:08:06 PST"]
[Termination "VladimirKramnik won on time"]

1. e4 c5 2. Nf3 d6 3. d4 cxd4 4. Nxd4 Nf6 5. Nc3 a6 6. g3 e5 7.
Nf3 Be7 8. Nh4 O-O 9. Bg2 Bg4 10. Bf3 Bh3 11. Nf5 Nc6 12. g4 Nd4 13. Rg1 Nxf5 14. gxf5 d5 15. Bh6 g6 16. Bxf8 Bxf8 17. Rg3 dxe4 18. Nxe4 Qa5+ 19. c3 Nxe4 20. Bxe4 Rd8 21. Qe2 Bxf5 22. Bxf5 Bg7 23. Bc2 1-0

[Event "Early-Titled-Tuesday-Blitz-February-13-2024"]
[Site "Chess.com"]
[Date "2024.02.13"]
[Round "6"]
[White "Alex_Terzi"]
[Black "Sofia_Blokhin"]
[Result "1-0"]
[WhiteElo "2492"]
[BlackElo "2250"]
[TimeControl "180+1"]
[EndTime "9:08:07 PST"]
[Termination "Alex_Terzi won by resignation"]

1. e4 c5 2. Nf3 d6 3. d4 cxd4 4. Nxd4 a6 5. Nc3 Nf6 6. Nb3 e5 7. Bg5 Be7 8. Qd2 O-O 9. O-O-O h6 10. Bxf6 Bxf6 11. Qxd6 Bg5+ 12. Kb1 Qxd6 13. Rxd6 Nc6 14.
Bc4 Be7 15. Rd3 b5 16. Bd5 Bb7 17. Rhd1 Rfd8 18. a3 Rac8 19. f3 Ba8 20. Bxc6 Bxc6 21. Nd5 Bxd5 22. Rxd5 f6 23. Rxd8+ Rxd8 24. Rxd8+ Bxd8 25. Nc5 a5 26. a4 Be7 27. Nb3 bxa4 28. Nxa5 Kf7 29. b3 axb3 30. cxb3 Ke6 31. Kc2 Kd6 32.
b4 Kc7 33. Kc3 Kb6 34. Kc4 g6 35. Nb3 f5 36. Nc1 fxe4 37. fxe4 Bg5 38. Nd3 Bf6 39.
Kd5 Kb5 40. Nxe5 Kxb4 41. Nxg6 Kc3 42. e5 Bg5 43. Ke4 Kc4 44. e6 Kc5 45. e7 1-0